 Dungeon Crawl Stone Soup version 0.23.0 (webtiles) character file.

Game seed: 7996085816952681168

112 Ivernyr the Magician (level 4, -12/36 HPs)
             Began as a Naga Wizard on Feb 19, 2019.
             Mangled by a gnoll
             ... wielding a +0 flail
              (13 damage)
             ... on level 2 of the Dungeon.
             The game lasted 00:09:20 (1959 turns).

Ivernyr the Magician (Naga Wizard)                  Turns: 1959, Time: 00:09:21

Health: -12/36     AC:  3    Str:  7 (10) XL:     4   Next: 93%
Magic:  8/9        EV: 10    Int: 18 (19) God:
Gold:   128        SH:  0    Dex:  8 (9)  Spells: 7/10 levels left

rFire    + . .     SeeInvis +   p - +0 whip (freeze)
rCold    x . .     Gourm    .   (no shield)
rNeg     . . .     Faith    .   a - +0 robe
rPois    +         Spirit   .   b - +0 hat
rElec    .         Reflect  .   e - +0 cloak
rCorr    .         Harm     .   (no gloves)
MR       .....                  (no barding)
Stlth    ++........             i - amulet of rage
HPRegen  0.12/turn              m - ring of fire
MPRegen  0.11/turn              (no ring)

@: very slow
A: large, see invisible, deformed body, poison resistance, slowness 2, slow
metabolism 1, spit poison 1, AC +1
a: Spit Poison, Evoke Berserk Rage


You were on level 2 of the Dungeon.
You were near starving.

You visited 1 branch of the dungeon, and saw 2 of its levels.

You collected 128 gold pieces.

Inventory:

Hand Weapons
 p - a +0 whip of freezing (weapon)
Armour
 a - a +0 robe (worn)
 b - a +0 hat (worn)
 e - a +0 cloak (worn)
Jewellery
 i - an amulet of rage (around neck)
 m - a ring of fire (left hand)
Scrolls
 c - 2 scrolls of amnesia {unknown}
 f - a scroll of fog {unknown}
 g - a scroll of enchant armour {unknown}
 h - 2 scrolls of remove curse {unknown}
 j - 2 scrolls of teleportation {unknown}
 k - a scroll of fear {unknown}
 l - a scroll of enchant weapon {unknown}
 q - a scroll of immolation {unknown}
Comestibles
 d - 6 rations


   Skills:
 + Level 2.3 Dodging
 - Level 3.0 Stealth
 + Level 3.6 Spellcasting
 * Level 3.3 Conjurations
   Level 1.0 Summonings
 - Level 1.0 Translocations


You had 7 spell levels left.
You knew the following spells:

 Your Spells              Type           Power        Failure   Level  Hunger
a - Magic Dart            Conj           ###.         4%          1    None
b - Blink                 Tloc           N/A          16%         2    ##.....

Your spell library contained the following spells:

 Spells                   Type           Power        Failure   Level  Hunger
 Call Imp                 Summ           #.......     16%         2    ##.....
 Slow                     Hex            #.......     24%         2    ##.....
 Conjure Flame            Conj/Fire      ##......     24%         3    ###....
 Mephitic Cloud           Conj/Pois/Air  #.......     28%         3    ###....


Dungeon Overview and Level Annotations

Branches:
Dungeon (2/15)

Altars:
Elyvilon


Innate Abilities, Weirdness & Mutations

You cannot wear boots.
Your serpentine skin is tough. (AC +1)
You have supernaturally acute eyesight. (SInv)
Armour fits poorly on your strangely shaped body.
Your system is resistant to poisons. (rPois)
You cover ground very slowly.
You have a slow metabolism.
You can spit poison.


Message History

The gnoll hits you.
* * * LOW HITPOINT WARNING * * *
Casting: Magic Dart (safe; 4% risk of failure)
Confirm with . or Enter, or press ? or * to list all spells.
Aiming: Magic Dart (safe; 4% risk of failure)
Press: ? - help, Shift-Dir - straight line, f/p - gnoll
Aim: a gnoll (severely wounded, poisoned)
The magic dart hits the gnoll.
You kill the gnoll!
Okay, then.
Casting: Magic Dart (safe; 4% risk of failure)
Confirm with . or Enter, or press ? or * to list all spells.
Aiming: Magic Dart (safe; 4% risk of failure)
Press: ? - help, Shift-Dir - straight line, f - gnoll
Aim: a gnoll, wielding a +0 flail (severely wounded)
The magic dart hits the gnoll.
The gnoll is severely wounded.
You have got your breath back.
The gnoll hits you with a +0 flail!
You die...

.# #.# #.# .#
#.#####.# ... ##
#.......# ...
#.####### ...
#.######## #(#
#......... #.#
####.#######. #.#
.....# #g#
.####### #@#
.......# #.#
.#.#.... #.#
.#...#.#########.#
###.##...........#
# #.##.###########
###.##.# .......#
###.##.#


You could see a gnoll.

Vanquished Creatures
  An adder (D:2)
  6 gnolls (D:2)
  3 worms (D:2)
  3 dart slugs
  4 giant cockroaches
  3 goblins
  6 hobgoblins
  4 bats (D:1)
  A frilled lizard (D:2)
  2 kobolds
  4 rats
37 creatures vanquished.

Vanquished Creatures (others)
  A rat (D:2)
1 creature vanquished.

Grand Total: 38 creatures vanquished

Notes
Turn   | Place    | Note
-------+----------+-------------------------------------------
     0 | D:1      | Ivernyr the Naga Wizard began the quest for the Orb.
     0 | D:1      | Reached XP level 1. HP: 15/15 MP: 4/4
   369 | D:1      | Reached XP level 2. HP: 20/22 MP: 1/6
   374 | D:1      | Learned a level 2 spell: Blink
  1079 | D:2      | Reached XP level 3. HP: 28/28 MP: 3/7
  1409 | D:2      | Reached XP level 4. HP: 20/36 MP: 0/9
  1647 | D:2      | Found a white marble altar of Elyvilon.
  1957 | D:2      | HP: 1/36 [gnoll (1)]
  1959 | D:2      | Mangled by a gnoll

Skill      XL: |  1  2  3  4 |
---------------+-------------+-----
Conjurations   | 2 3 |  3.3
Dodging        | 2 |  2.3
Stealth        | |  3.0
Spellcasting   | |  3.6
Summonings     | |  1.0
Translocations | |  1.0

Action                   |  1- 3 |  4- 6 || total
-------------------------+-------+-------++-------
Melee: Unarmed           |    20 |       ||    20
       Whip              |       |     7 ||     7
 Cast: Magic Dart        |    44 |    27 ||    71
 Abil: Spit Poison       |    22 |     9 ||    31
  Use: Potion            |       |     2 ||     2
  Eat: Chunk             |     2 |       ||     2
Armor: Robe              |    11 |     1 ||    12
Dodge: Dodged            |    19 |    11 ||    30
